 Dungeon Crawl Stone Soup version 0.19.4-8-ga85b6b9 (webtiles) character file.

93 dngmouse the Sneak (level 4, -1/30 HPs)
             Began as a Vampire Enchanter on Feb 12, 2017.
             Slain by a shadow imp (3 damage)
             ... on level 3 of the Dungeon.
             The game lasted 00:07:18 (2185 turns).

dngmouse the Sneak (Vampire Enchanter)              Turns: 2185, Time: 00:07:19

Health: -1/30      AC:  4    Str:  7    XL:     4   Next: 37%
Magic:  1/7        EV: 13    Int: 17    God:
Gold:   154        SH:  0    Dex: 15    Spells: 2 memorised, 4 levels left

rFire  . . .     SeeInvis +     a - +1 dagger
rCold  + + .     Gourm    .     b - +2 robe
rNeg   + + +     Faith    .     (no shield)
rPois  ∞         Spirit   .     (no helmet)
rElec  .         Reflect  .     (no cloak)
rCorr  .         Harm     .     (no gloves)
MR     .....                    (no boots)
Stlth  +++++.....               (no amulet)
                                (no ring)
                                (no ring)

@: very slightly contaminated, bloodless, non-regenerating
A: fangs 3, see invisible, unbreathing
a: Bat Form


You were on level 3 of the Dungeon.
You were bloodless.

You visited 1 branch of the dungeon, and saw 3 of its levels.

You collected 154 gold pieces.

Inventory:

Hand Weapons
 a - a +1 dagger (weapon)
Armour
 b - a +2 robe (worn)
Jewellery
 l - a cursed amulet of inaccuracy {unknown}
Scrolls
 i - 3 scrolls of enchant armour
 n - a scroll of teleportation
 q - a scroll of blinking
Potions
 d - 12 potions of blood
 f - a potion of flight {unknown}
 g - 2 potions of heal wounds {unknown}
 h - a potion of cure mutation {unknown}
 j - 2 potions of cancellation {unknown}
 k - a potion of lignification {unknown}
Books
 c - a book of Maledictions

   Spells                             Type                      Level
   a - Corona                         Hexes                        1
   b - Ensorcelled Hibernation        Hexes/Ice                    2
   c - Confuse                        Hexes                        3
   d - Tukima's Dance                 Hexes                        3
   e - Dazzling Spray                 Conjuration/Hexes            3


   Skills:
 - Level 2.0 Short Blades
 + Level 2.4 Dodging
 * Level 6.0 Stealth
 - Level 2.0 Spellcasting
 * Level 5.9 Hexes


You had 4 spell levels left.
You knew the following spells:

 Your Spells              Type           Power        Failure   Level  Hunger
a - Corona                Hex            ###....      1%          1    #......
b - Ensorcelled Hibernat  Hex/Ice        ##....       12%         2    ###....


Dungeon Overview and Level Annotations

Branches:
Dungeon (3/15)

Altars:
Hepliaklqana


Innate Abilities, Weirdness & Mutations

You do not heal naturally.
You are immune to poison.
You have razor-sharp teeth.
You have supernaturally acute eyesight. (SInv)
You can survive without breathing.


Message History

Casting: Ensorcelled Hibernation
Confirm with . or Enter, or press ? or * to list all spells.
Aiming: Corona
Press: ? - help, Shift-Dir - straight line, f - shadow imp
Aim: a shadow imp (almost dead, chance to defeat MR: 68%)
The shadow imp is outlined in light.
The shadow imp completely misses you.
You hit the shadow imp. Your bite misses the shadow imp.
The shadow imp is almost dead.
The shadow imp hits you but does no damage.
You barely miss the shadow imp.
The shadow imp is almost dead.
The shadow imp barely misses you.
You closely miss the shadow imp.
The shadow imp is almost dead.
The shadow imp hits you.
* * * LOW HITPOINT WARNING * * *
You hit the shadow imp but do no damage.
The shadow imp is almost dead.
The shadow imp hits you.
You die...

#.....# #.######
#.....# #.# #.<
#.....##.#.# #..
##....##.#.# #..
#..#.##.#.# #..
##.#.##.#.# #..
#######.#.##.#.# #.#
#......)..##.#.####.#
##.5@.##..##.#.......
#..†.##..##.##......
.....<.................
####.....#...........).
###.#.#.>...........
#$#.#.............
#.#.#...##########
#.#.##..# #..#


You could see a shadow imp.

Vanquished Creatures
  5 adders
  2 worms (D:2)
  2 leopard geckos
  4 giant cockroaches
  4 goblins
  2 hobgoblins
  9 kobolds
  6 bats
  3 frilled lizards (D:1)
  4 rats
41 creatures vanquished.

Notes
Turn   | Place    | Note
-------+----------+-------------------------------------------
     0 | D:1      | dngmouse the Vampire Enchanter began the quest for the Orb.
     0 | D:1      | Reached XP level 1. HP: 13/13 MP: 3/3
   484 | D:1      | Reached XP level 2. HP: 18/19 MP: 3/5
   639 | D:1      | Reached skill level 5 in Hexes
   673 | D:1      | Learned a level 2 spell: Ensorcelled Hibernation
   874 | D:1      | Reached skill level 5 in Stealth
  1127 | D:2      | Reached XP level 3. HP: 8/24 MP: 2/6
  1772 | D:2      | Found a hazy altar of Hepliaklqana.
  1813 | D:2      | Found a faded altar of an unknown god.
  2113 | D:3      | Reached XP level 4. HP: 30/30 MP: 7/7
  2163 | D:3      | Reached skill level 6 in Stealth
  2185 | D:3      | Slain by a shadow imp

Skill      XL: |  1  2  3  4 |
---------------+-------------+-----
Hexes          | 5 |  5.9
Stealth        | 5 6 |  6.0
Short Blades   | 2 |  2.0
Dodging        | |  2.4
Spellcasting   | |  2.0

Action                   |  1- 3 |  4- 6 || total
-------------------------+-------+-------++-------
Melee: Dagger            |   139 |    36 ||   175
       Bite              |    10 |       ||    10
 Cast: Corona            |    18 |     3 ||    21
       Ensorcelled Hiber |     6 |     3 ||     9
  Use: Scroll            |     3 |     4 ||     7
       Potion            |     1 |       ||     1
 Stab: Sleeping          |    11 |     3 ||    14
Armor: Robe              |    53 |     3 ||    56
Dodge: Dodged            |    95 |    22 ||   117
